 Dungeon Crawl Stone Soup version 0.27.0-1-g7a089689b8 (webtiles) character file.

Game seed: 13624904984016229409

54807 sasquatch the Fencer (level 14, -15/135 HPs)
             Began as a Minotaur Fighter on Aug 4, 2021.
             Was the Champion of the Shining One.
             Demolished by a spriggan defender simulacrum (41 damage)
             ... on level 14 of the Dungeon.
             The game lasted 00:32:14 (19062 turns).

sasquatch the Fencer (Minotaur Fighter)            Turns: 19062, Time: 00:32:15

Health: -15/135    AC: 18    Str: 30    XL:     14   Next: 36%
Magic:  21/21      EV: 14    Int:  5    God:    the Shining One [******]
Gold:   1426       SH:  5    Dex:  9    Spells: 13/13 levels left

rFire    . . .     SeeInvis .   H - +6 great sword of Qusa {speed, Str+3 Stlth+}
rCold    . . .     Faith    .   (shield currently unavailable)
rNeg     + + +     Spirit   .   b - +0 scale mail
rPois    +         Reflect  +   h - +1 hat
rElec    .         Harm     .   m - +1 cloak {rPois}
rCorr    .         Rampage  .   E - +0 pair of gloves
Will     +....                  (no boots)
Stlth    +.........             D - amulet of reflection
HPRegen  0.32/turn              K - +4 ring of protection
MPRegen  0.17/turn              z - +4 ring of evasion

@: glowing
A: horns 2, retaliatory headbutt
a: Renounce Religion, Divine Shield, Cleansing Flame, Summon Divine Warrior,
Brand Weapon With Holy Wrath


You were on level 14 of the Dungeon.
You worshipped the Shining One.
The Shining One was exalted by your worship.
You visited 3 branches of the dungeon, and saw 18 of its levels.

You collected 1812 gold pieces.
You spent 386 gold pieces at shops.

Inventory:

Hand Weapons
 a - a +1 long sword
 r - a +0 scimitar
 H - the +6 great sword of Qusa (weapon) {speed, Str+3 Stlth+}
   (You bought it in a shop on level 11 of the Dungeon)

   Attacks with this weapon are significantly faster.
   Str:       It affects your strength (+3).
   Stlth:     It makes you more stealthy.
Missiles
 d - 3 javelins
 s - 3 throwing nets (quivered)
Armour
 b - a +0 scale mail (worn)
 c - a +0 kite shield
 h - a +1 hat (worn)
 m - a +1 cloak of poison resistance (worn)
 E - a +0 pair of gloves (worn)
Jewellery
 g - a ring of poison resistance
 y - a ring of flight
 z - a +4 ring of evasion (right hand)
 D - an amulet of reflection (around neck)
 I - a ring of protection from cold
 K - a +4 ring of protection (left hand)
Wands
 w - a wand of flame (20)
 B - a wand of iceblast (20)
 F - a wand of digging (4)
 G - a wand of mindburst (30)
 J - a wand of polymorph (13)
 L - a wand of acid (5)
Scrolls
 j - a scroll of identify
 o - 3 scrolls of teleportation
 q - 5 scrolls of enchant armour
 t - a scroll of fog
 u - 2 scrolls of enchant weapon
 v - a scroll of holy word
Potions
 e - 4 potions of flight
 i - 4 potions of brilliance
 k - a potion of cancellation
 l - 2 potions of heal wounds
 n - 6 potions of curing
 p - 5 potions of attraction
 x - 2 potions of resistance
 A - a potion of lignification
 C - a potion of mutation
 M - 2 potions of ambrosia


   Skills:
 - Level 15.0 Fighting
 - Level 16.0 Long Blades
 + Level 11.7 Armour
 + Level 11.7 Shields
 + Level 11.0 Invocations


You had 13 spell levels left.
You didn't know any spells.
Your spell library contained the following spells:

 Spells                   Type           Power      Damage    Failure   Level
 Beastly Appendage        Tmut           0%         N/A       67%         1
 Corpse Rot               Necr/Air       N/A        N/A       80%         2
 Ensorcelled Hibernation  Hex/Ice        0%         N/A       80%         2
 Passwall                 Tmut/Erth      0%         N/A       80%         2
 Poisonous Vapours        Pois/Air       0%         N/A       80%         2
 Wereblood                Tmut           0%         N/A       80%         2
 Ignite Poison            Fire/Tmut/Pois 0%         N/A       95%         3
 Mephitic Cloud           Conj/Pois/Air  0%         N/A       95%         3
 Spider Form              Tmut/Pois      0%         N/A       95%         3
 Hailstorm                Conj/Ice       0%         3d3       100%        4
 Ice Form                 Ice/Tmut       0%         N/A       100%        4
 Bolt of Magma            Conj/Fire/Erth 0%         4d4       100%        5
 Fireball                 Conj/Fire      0%         3d3       100%        5
 Freezing Cloud           Conj/Ice/Air   0%         6-21      100%        5
 Iskenderun's Battlesphe  Conj           0%         2d6       100%        5
 Lightning Bolt           Conj/Air       0%         1d11      100%        5
 Conjure Ball Lightning   Conj/Air       0%         3x3d6     100%        6
 Shadow Creatures         Summ           N/A        N/A       100%        6
 Simulacrum               Ice/Necr       0%         N/A       100%        6
 Orb of Destruction       Conj           0%         N/A       100%        7
 Chain Lightning          Conj/Air       0%         N/A       100%        9


Dungeon Overview and Level Annotations

Branches:
Dungeon (14/15)            Temple (0/1) D:5            Lair (2/6) D:10
  Swamp (0/4) Lair:2          Orc (2/2) D:11            Elf (0/3) Orc:2
  Snake: Lair:2-4    Spider: Lair:2-4    Vaults: D:13-14

Altars:
Ashenzari
Cheibriados
Dithmenos
Elyvilon
Gozag
Kikubaaqudgha
Makhleb
Ru
Trog
Uskayaw
Wu Jian
Xom
Yredelemnul
The Shining One
Beogh
Jiyva

Shops:
D:11 (   Orc:2 ?::((

Portals:
Ice
Cave: D:14

Annotations:
D:12 1 runed translucent door
Lair:1 Gastronok


Innate Abilities, Weirdness & Mutations

You have a pair of horns on your head.
You reflexively headbutt those who attack you in melee.


Message History

The brown ugly thing pecks you but does no damage.
You are too injured to fight recklessly!
You are too injured to fight recklessly!
You barely miss the brown ugly thing.
The brown ugly thing is almost dead.
You completely miss the brown ugly thing.
Your headbutt misses the brown ugly thing.
The brown ugly thing is almost dead.
The brown ugly thing pecks you but does no damage.
You hit the brown ugly thing but do no damage.
Your headbutt misses the brown ugly thing.
The brown ugly thing is almost dead.
The brown ugly thing pecks you but does no damage.
You slice the brown ugly thing!!
You kill the brown ugly thing!
Okay, then.
The purple ugly thing engulfs you but does no damage.
You hit the purple ugly thing.
The purple ugly thing is lightly wounded.
You barely miss the purple ugly thing.
Your headbutt misses the purple ugly thing.
The purple ugly thing is lightly wounded.
You block the purple ugly thing's attack.
You slash the purple ugly thing!
Your headbutt misses the purple ugly thing.
The purple ugly thing is moderately wounded.
You slice the purple ugly thing!!
The purple ugly thing is almost dead.
The purple ugly thing engulfs you.
* * * LOW HITPOINT WARNING * * *
You slash the purple ugly thing!
You kill the purple ugly thing!
The spriggan defender simulacrum hits you but does no damage.
You slice the spriggan defender simulacrum!!
You headbutt the spriggan defender simulacrum.
The spriggan defender simulacrum is heavily damaged.
The spriggan defender simulacrum hits you.
* * * LOW HITPOINT WARNING * * *
The spriggan defender simulacrum freezes you!!!
You die...

,,#.....#*##†☼.#,**,*,,,,,*,*
,*#..[..###°☼†.#.#*,*****,*,*
,*#......##E####.#*,,,,,***,*
,##......##.# *.#**###,***,*
,#..)....##.# ##.# #.#,*,,,*
,#.......##.###..####.#,*,*** ***
,#.§.....##...#...,...#,,,* *,,
,#.§.....####.#.#####.###### *,*
,#§§§...........@ZZZ.....Z†# *,*
,#§############.###Z.....#†#***,*
,#§# #.# #......#..ZZ...
,#§#****** #.#*#......#.#uZ...
,#§#*,,,,* #..,+......#.##..∩.
,#§#*,,,,* ###*#......#.#*....
,#..,,,,,* *#......#.#*,...
,###,,,,,****** *.......#.#***##
+***,,,,***,,,* *,,,≈,,,#+#**


You could see an anaconda simulacrum, an alligator simulacrum, a lindwurm
simulacrum and a spriggan defender simulacrum.

Vanquished Creatures
  A lich (D:12)
  A vampire knight (D:12)
  An ettin (D:12)
  3 boulder beetles
  The ghost of Godstar23 the Destroyer, a journeyman DrCj of Vehumet (D:12)
  A centaur warrior (D:10)
  3 two-headed ogres
  3 orc high priests (Orc:2)
  3 skeletal warriors (D:12)
  5 orc knights
  A necromancer (D:12)
  4 deep elf zephyrmancers (Orc:1)
  8 deep elf pyromancers
  6 orc sorcerers
  7 ugly things
  2 manticores
  4 cyclopes
  3 black mambas (Lair:2)
  5 cane toads (Lair:2)
  A gargoyle (D:12)
  Psyche (D:11)
  A kobold demonologist (D:13)
  An unseen horror (D:13)
  3 komodo dragons (Lair:2)
  A rime drake (Lair:2)
  2 polar bears
  9 trolls
  A hornet (D:9)
  A wolf spider simulacrum (D:12)
  Prince Ribbit (D:6)
  6 slime creatures
  A dream sheep (Lair:2)
  2 wraiths
  A water elemental (D:14)
  3 vampires
  A spriggan simulacrum (D:14)
  6 wyverns
  Sigmund (D:3)
  37 yaks
  5 vampire mosquitoes
  Grum (D:9)
  4 wargs
  2 acid dragons
  The ghost of sasquatch the Gusty, an amateur TeAE (D:3)
  2 water moccasins
  4 ice beasts
  18 orc warriors
  A sky beast (D:5)
  2 hornet zombies
  10 ogres
  3 black bears (Lair:2)
  3 necrophages (D:5)
  5 centaurs
  5 wolves
  4 kobold brigands
  5 bullfrogs
  4 gnoll sergeants
  2 scorpions
  3 wyvern zombies (D:8)
  A deep troll simulacrum (D:14)
  A water moccasin zombie (D:5)
  A water moccasin skeleton (D:7)
  11 killer bees
  3 wights
  3 howler monkeys
  4 bullfrog zombies
  9 centaur zombies
  4 jellies
  11 orc priests
  Crazy Yiuf (D:2)
  3 bullfrog skeletons
  A gnoll shaman (D:9)
  7 hounds
  A human zombie (D:5)
  An iron imp (D:3)
  Terence (D:2)
  3 iguanas
  A scorpion zombie (D:5)
  19 orc wizards
  A killer bee zombie (D:8)
  A hound zombie (D:5)
  A hound skeleton (D:2)
  A mummy (D:5)
  16 gnolls
  5 adders
  3 white imps
  2 adder skeletons
  3 worms
  A dart slug (D:5)
  49 orcs
  6 ball pythons
  7 endoplasms
  3 giant cockroaches
  10 goblins
  7 hobgoblins
  8 jackals
  3 quokkas
  3 training dummies (Orc:2)
  4 bats
  5 frilled lizards
  32 kobolds
  A quokka skeleton (D:4)
  4 rats
488 creatures vanquished.

Vanquished Creatures (others)
  An orc (Orc:2)
  3 fungi
  12 plants
16 creatures vanquished.

Grand Total: 504 creatures vanquished

Notes
Turn   | Place    | Note
-------+----------+-------------------------------------------
     0 | D:1      | sasquatch the Minotaur Fighter began the quest for the Orb.
     0 | D:1      | Reached XP level 1. HP: 19/19 MP: 0/0
    10 | D:1      | Found a faded altar of an unknown god.
    44 | D:1      | Reached skill level 3 in Long Blades
    63 | D:1      | Reached XP level 2. HP: 17/27 MP: 1/1
   773 | D:2      | Reached XP level 3. HP: 29/33 MP: 2/2
   891 | D:2      | Reached skill level 4 in Long Blades
   930 | D:2      | Noticed Terence
   941 | D:2      | Killed Terence
   942 | D:2      | Reached XP level 4. HP: 29/41 MP: 3/3
  1390 | D:2      | Found a runed translucent door.
  1391 | D:2      | Noticed Crazy Yiuf
  1699 | D:2      | Killed Crazy Yiuf
  1700 | D:2      | Reached skill level 5 in Long Blades
  1948 | D:3      | Found a shimmering altar of Xom.
  2014 | D:3      | Reached XP level 5. HP: 47/47 MP: 4/4
  2016 | D:3      | Found a runed translucent gate.
  2074 | D:3      | Reached skill level 5 in Fighting
  2306 | D:3      | Found a runed translucent gate.
  2308 | D:3      | Found a runed translucent gate.
  2308 | D:3      | Noticed sasquatch's ghost (amateur TeAE)
  2322 | D:3      | Killed sasquatch's ghost
  2323 | D:3      | Reached skill level 6 in Long Blades
  2323 | D:3      | Reached XP level 6. HP: 44/56 MP: 5/5
  2400 | D:3      | Found a glowing golden altar of the Shining One.
  2540 | D:3      | Became a worshipper of the Shining One
  2679 | D:3      | Found a snail-covered altar of Cheibriados.
  2789 | D:4      | Found a shadowy altar of Dithmenos.
  2870 | D:4      | Noticed Sigmund
  2915 | D:3      | Killed Sigmund
  2916 | D:3      | Reached skill level 7 in Long Blades
  3007 | D:4      | Reached XP level 7. HP: 63/63 MP: 6/6
  3164 | D:4      | Reached skill level 8 in Long Blades
  3289 | D:4      | Found a hide-covered altar of Uskayaw.
  3496 | D:5      | Entered Level 5 of the Dungeon
  3562 | D:5      | Reached skill level 9 in Long Blades
  3658 | D:5      | Reached * piety under the Shining One
  3696 | D:5      | Reached XP level 8. HP: 73/73 MP: 7/7
  3952 | D:5      | Reached skill level 10 in Long Blades
  4004 | D:5      | Found a burning altar of Makhleb.
  4004 | D:5      | Found a bloodstained altar of Trog.
  4136 | D:5      | Found a basalt altar of Yredelemnul.
  4173 | D:5      | Reached skill level 11 in Long Blades
  4204 | D:5      | Reached ** piety under the Shining One
  4341 | D:5      | Found a staircase to the Ecumenical Temple.
  4437 | D:5      | Found an ancient bone altar of Kikubaaqudgha.
  4544 | D:5      | Reached XP level 9. HP: 33/82 MP: 8/8
  4769 | D:5      | Found a broken altar of Ashenzari.
  4934 | D:6      | Noticed Prince Ribbit
  4945 | D:6      | Killed Prince Ribbit
  5072 | D:6      | Reached skill level 12 in Long Blades
  5371 | D:6      | Found an ornate altar of the Wu Jian Council.
  6121 | D:7      | Found an opulent altar of Gozag.
  6613 | D:8      | Found a runed translucent door.
  6677 | D:8      | Found a runed translucent door.
  6787 | D:8      | Reached skill level 10 in Fighting
  6797 | D:8      | Reached skill level 13 in Long Blades
  7289 | D:8      | Reached XP level 10. HP: 62/94 MP: 9/9
  7456 | D:8      | Noticed a deep elf pyromancer
  7457 | D:8      | Reached *** piety under the Shining One
  7462 | D:8      | Killed a deep elf pyromancer
  7463 | D:8      | Reached skill level 14 in Long Blades
  7673 | D:8      | Noticed a cyclops
  7690 | D:8      | Killed a cyclops
  8536 | D:9      | Reached skill level 15 in Long Blades
  8548 | D:9      | Noticed Grum
  8866 | D:9      | Killed Grum
  9035 | D:9      | Noticed a two-headed ogre
  9036 | D:9      | Noticed a two-headed ogre
  9059 | D:8      | Killed a two-headed ogre
  9404 | D:9      | Reached XP level 11. HP: 104/104 MP: 10/10
  9510 | D:9      | Reached skill level 16 in Long Blades
  9540 | D:9      | Reached **** piety under the Shining One
  9567 | D:9      | HP: 4/105 [centaur/arrow (5)]
  9568 | D:9      | The Shining One protects you from harm!
  9569 | D:9      | HP: 1/105 [yak (3)]
  9583 | D:9      | HP: 1/105 [yak (4)]
  9934 | D:9      | Killed a two-headed ogre
 10026 | D:10     | Entered Level 10 of the Dungeon
 10132 | D:10     | Found a staircase to the Lair.
 10367 | D:10     | Found a sacrificial altar of Ru.
 10736 | D:10     | Noticed a centaur warrior
 10741 | D:10     | Killed a centaur warrior
 11016 | D:10     | Reached skill level 15 in Fighting
 11208 | Lair:1   | Entered Level 1 of the Lair of Beasts
 11226 | Lair:1   | Reached skill level 1 in Invocations
 11621 | Lair:1   | Reached XP level 12. HP: 119/119 MP: 13/13
 11621 | Lair:1   | Noticed Gastronok
 11696 | Lair:2   | Reached skill level 5 in Armour
 11696 | Lair:2   | Reached skill level 5 in Shields
 12270 | Lair:2   | Reached skill level 5 in Invocations
 12519 | Lair:2   | Reached ***** piety under the Shining One
 12871 | Lair:2   | Found a staircase to the Swamp.
 12875 | Lair:2   | Noticed an eight-headed hydra
 13456 | D:11     | Found Hiqel's Antique Weapon Emporium.
 13464 | D:11     | Bought an ebony great sword for 299 gold pieces
 13464 | D:11     | Identified the +6 great sword of Qusa {speed, Str+3 Stlth+}
                  | (You bought it in a shop on level 11 of the Dungeon)
 13494 | D:11     | Found a white marble altar of Elyvilon.
 13504 | D:11     | Noticed a boulder beetle
 13513 | D:11     | Killed a boulder beetle
 13523 | D:11     | Noticed Psyche
 13529 | D:11     | Killed Psyche
 13741 | D:11     | Found a staircase to the Orcish Mines.
 14150 | D:12     | Noticed a boulder beetle
 14166 | D:12     | Killed a boulder beetle
 14657 | D:12     | Noticed a lich
 14657 | D:12     | Noticed Godstar23's ghost (journeyman DrCj)
 14657 | D:12     | Noticed a vampire knight
 14659 | D:12     | Noticed an ettin
 14768 | D:12     | Found a runed translucent door.
 14778 | D:12     | Found a runed translucent door.
 14943 | D:12     | Reached XP level 13. HP: 121/126 MP: 18/18
 14950 | D:12     | Killed a lich
 14952 | D:12     | Killed an ettin
 14971 | D:12     | Killed a vampire knight
 14981 | D:12     | Killed Godstar23's ghost
 15144 | D:12     | Identified the +0 flail "Kenicik" {vorpal, rN+ Str+2}
 15351 | D:13     | Found a viscous altar of Jiyva.
 15426 | D:13     | Got the Disquisition on Changing and Conjuration
 15650 | D:13     | Reached skill level 10 in Invocations
 15875 | Orc:1    | Entered Level 1 of the Orcish Mines
 15926 | Orc:1    | Reached skill level 10 in Armour
 15930 | Orc:1    | Reached skill level 10 in Shields
 16588 | Orc:2    | Entered Level 2 of the Orcish Mines
 16755 | Orc:2    | Found Kaupuy Ekiy's Firing Range.
 16763 | Orc:2    | Bought a throwing net for 51 gold pieces
 16926 | Orc:2    | Found a staircase to the Elven Halls.
 17358 | Orc:2    | Found Dasudem's Magic Scroll Shoppe.
 17481 | Orc:2    | Reached XP level 14. HP: 102/135 MP: 20/20
 17590 | Orc:2    | Reached ****** piety under the Shining One
 18165 | Orc:2    | Found Wav Ruba's Book Shoppe.
 18231 | Orc:2    | Found Ozioph's Book Shop.
 18235 | Orc:2    | Bought a scroll of teleportation for 36 gold pieces
 18238 | Orc:2    | Found Leahil's Antique Weapon Shop.
 19010 | D:14     | Found a frozen archway.
 19062 | D:14     | Demolished by a spriggan defender simulacrum

Illustrated notes

Levels and vault maps discovered:
D:1:      dpeg_arrival_pits, layout_rooms, ebering_ecumenical_altar_abandoned,
          chequers_serial_rivers_room_b, interstate_on_off,
          corexii_hall_statues_u
D:2:      layout_loops_ring, serial_glass, glass_columns_c, glass_columns_c,
          uniq_terence, uniq_crazy_yiuf_cottage
D:3:      layout_rooms, mainiacjoe_overflow_small_starburst,
          mainiacjoe_overflow_alcove_1, slow_altar_2, ebering_ghost_rock_garden,
          grunt_ministairs_15
D:4:      layout_basic, eat_drink_and_be_merry_uskayaw, lemuel_crystal_altar,
          uniq_sigmund
D:5:      layout_basic, evilmike_ruin_ashenzari,
          lemuel_mausoleum_altar_yredelemnul, mainiacjoe_overflow_alcove_4,
          gammafunk_temple_overflow_elements, minmay_temple_entry_offerings
D:6:      kennysheep_kobold_camp, layout_cave_pods,
          mainiacjoe_overflow_24_doors, minmay_misc_feat_rugged,
          uniq_prince_ribbit1
D:7:      layout_rooms, mainiacjoe_overflow_chevrons, st_stairs_12
D:8:      cheibrodos_histonic, layout_loops_ring
D:9:      layout_small_grid, minmay_alternating_orb, uniq_grum
D:10:     layout_loops_ring, hangedman_ru_absence, erik_lair_orcish_takeover,
          minmay_increasing_density
D:11:     layout_roguey, david_orc_5, serial_shops, shop, elyvilon_altar_1,
          uniq_psyche
D:12:     layout_rooms, muffindrake_ghost_dual_entry, serial_curves,
          eino_curves_04, eino_curves_01
D:13:     layout_loops_ring, skrybe_vaults_entry_preservation,
          hangedman_glass_teeth, jiyva_altar_1
D:14:     layout_basic, portal_ice_cave_entry_ice_simulacra,
          serial_bayou_shore_a
Lair:1:   layout_regular_city, grunt_megastairs_2, uniq_gastronok
Lair:2:   nzn_winding_woodlands_medium [nzn_winding_woodlands_5x5_default,
          nzn_winding_woodlands_5x15_pool, nzn_winding_woodlands_5x5_open_star,
          nzn_winding_woodlands_5x5_default,
          nzn_winding_woodlands_center_triple_pond,
          nzn_winding_woodlands_5x5_checkerboard,
          nzn_winding_woodlands_5x5_closed_star,
          nzn_winding_woodlands_5x15_twine,
          nzn_winding_woodlands_5x5_perimeter], layout_cave_pods, swamp_mist,
          nicolae_quartered_pool_medium
Orc:1:    layout_caves, elves_outpost_lemuel
Orc:2:    st_orc_elflike, layout_diamond_mine, nicolae_shop_firing_range

Skill      XL: |  1  2  3  4  5  6  7  8  9 10 11 12 13 14 |
---------------+-------------------------------------------+-----
Long Blades    | 3 4 5 6 7 9 11 13 15 16 | 16.0
Fighting       | 4 5 6 7 8 10 12 15 | 15.0
Invocations    | 3 8 10 11 | 11.0
Armour         | 4 7 10 11 | 11.7
Shields        | 4 7 10 11 | 11.7

Action                   |  1- 3 |  4- 6 |  7- 9 | 10-12 | 13-15 || total
-------------------------+-------+-------+-------+-------+-------++-------
Melee: Long sword        |    61 |   112 |   316 |   468 |       ||   957
       Headbutt          |     7 |    22 |    74 |   147 |    74 ||   324
       Great sword       |       |       |       |    92 |   343 ||   435
Throw: Throwing net      |       |       |     1 |       |       ||     1
Invok: Divine Shield     |       |       |       |     2 |       ||     2
       Cleansing Flame   |       |       |       |       |     1 ||     1
Evoke: Wand              |       |       |       |     1 |       ||     1
  Use: Potion            |       |       |       |     4 |     1 ||     5
       Scroll            |       |       |       |    16 |     7 ||    23
Armor: Scale mail        |    31 |    50 |    77 |   179 |    95 ||   432
Dodge: Dodged            |    22 |    34 |    57 |   113 |   121 ||   347
Block: Kite shield       |    30 |    66 |   136 |   345 |       ||   577
       Reflection        |       |       |     6 |    10 |     2 ||    18
       Other             |       |       |       |    11 |    41 ||    52
       Rpst.: Long sword |     3 |     9 |    17 |    23 |       ||    52
       Great sword       |       |       |       |     7 |    28 ||    35
